 Dungeon Crawl Stone Soup version 0.18.1-8-gdd0e5ea (webtiles) character file.

60 Scarto the Skirmisher (level 4, -14/29 HPs)
             Began as a Gargoyle Fighter on June 2, 2016.
             Killed by divine providence
             ... invoked by an orc priest
              (15 damage)
             ... on level 3 of the Dungeon.
             The game lasted 00:02:37 (1820 turns).

Scarto the Skirmisher (Gargoyle Fighter)            Turns: 1820, Time: 00:02:37

Health: -14/29     AC: 10    Str: 20    XL:     4   Next: 4%
Magic:  4/4        EV:  7    Int:  9    God:
Gold:   140        SH:  9    Dex:  9    Spells: 0 memorised, 3 levels left

rFire  . . .     SeeInvis .     a - +0 flail
rCold  . . .     Gourm    .     b - +0 scale mail
rNeg   + . .     Faith    .     c - +0 shield
rPois  ∞         Spirit   .     (no helmet)
rElec  +         Dismiss  .     (no cloak)
rCorr  .         Reflect  .     (no gloves)
SustAt .         Harm     .     (no boots)
MR     .....                    (no amulet)
Stlth  ..........               (no ring)
                                (no ring)

@: not resistant to hostile enchantments, extremely unstealthy
A: negative energy resistance 1, electricity resistance, unbreathing,
petrification resistance, rot immunity, AC +3
a: no special abilities


You were on level 3 of the Dungeon.
You were not hungry.

You visited 1 branch of the dungeon, and saw 3 of its levels.

You collected 140 gold pieces.

Inventory:

Hand Weapons
 a - a +0 flail (weapon)
Armour
 b - a +0 scale mail (worn)
 c - a +0 shield (worn)
Scrolls
 e - a scroll of teleportation
 i - 3 scrolls of remove curse
 k - a scroll of magic mapping {unknown}
 m - a scroll of identify {unknown}
Potions
 d - a potion of might
 j - a potion of curing {unknown}
 l - a potion of flight {unknown}
 n - a potion of agility {unknown}
Comestibles
 f - 2 bread rations
 g - 2 meat rations
 h - a slice of pizza


   Skills:
 + Level 4.0 Fighting
 + Level 2.6 Maces & Flails
 + Level 3.9 Armour
 + Level 3.6 Shields


You had 3 spell levels left.
You didn't know any spells.

Dungeon Overview and Level Annotations

Branches:
Dungeon (3/15)

Altars:
Qazlal
Ru


Innate Abilities, Weirdness & Mutations

You are resistant to torment.
Your stone body is resilient (AC +3).
You are immune to poison.
You resist negative energy.
You are resistant to electric shocks.
You can survive without breathing.
You are immune to petrification.
You are immune to rotting.


Message History

The orc priest is heavily wounded.
The orc priest hits you but does no damage.
You block the hobgoblin's attack. The orc priest hits you.
You closely miss the orc priest.
The orc priest is heavily wounded.
You block the hobgoblin's attack.
The orc priest mumbles some strange prayers to Beogh against you.
Beogh smites you!
* * * LOW HITPOINT WARNING * * *
The hobgoblin hits you but does no damage.
You hit the orc priest.
The orc priest is severely wounded.
The orc priest looks braver for a moment.
You block the hobgoblin's attack.
You closely miss the orc priest.
The orc priest is severely wounded.
The orc priest calls down the wrath of Beogh upon you.
Beogh smites you!
Ouch! That really hurt!
You die...

.......## ####
.........##...#######...
....................<.##
.^......≈§....>....>...
≈.(..^^#.^...###...... .
#....#≈≈^...........(
..≈##....##^..#........#
..≈^≈≈g≈^.^.#.####......
......o@......# #.......
#...≈≈..≈^.^............
#≈##^^(.###.###.........
§≈.#..≈##.^.# .........
#§# #..§§#.≈.# ........
# .^≈.§≈^.#.. .....
####..### #.. .... ##.#
... ....


You could see an orc priest and a hobgoblin.

Vanquished Creatures
  2 adders (D:2)
  2 dart slugs
  A giant gecko (D:3)
  2 orcs (D:3)
  2 bats
  2 giant cockroaches (D:2)
  2 goblins
  3 hobgoblins
  5 jackals
  A quokka (D:3)
  3 giant newts
  3 kobolds
  8 rats
36 creatures vanquished.

Notes
Turn   | Place    | Note
--------------------------------------------------------------
     0 | D:1      | Scarto the Gargoyle Fighter began the quest for the Orb.
     0 | D:1      | Reached XP level 1. HP: 14/14 MP: 1/1
   200 | D:1      | Reached XP level 2. HP: 19/19 MP: 2/2
  1227 | D:2      | Reached XP level 3. HP: 7/24 MP: 3/3
  1680 | D:3      | Found a sacrificial altar of Ru.
  1797 | D:3      | Found a stormy altar of Qazlal.
  1807 | D:3      | Reached skill level 4 in Fighting
  1807 | D:3      | Reached XP level 4. HP: 29/29 MP: 4/4
  1818 | D:3      | HP: 1/29 [orc priest/divine providence (12)]
  1820 | D:3      | Killed from afar by an orc priest

Skill      XL: |  1  2  3 |
---------------+----------+-----
Fighting       | 4 |  4.0
Maces & Flails | |  2.6
Armour         | |  3.9
Shields        | |  3.6

Action                   |  1- 3 |  4- 6 || total
-------------------------+-------+-------++-------
Melee: Flail             |   141 |    13 ||   154
  Use: Scroll            |     3 |       ||     3
  Eat: Bread ration      |     1 |       ||     1
Armor: Scale mail        |   127 |     6 ||   133
Dodge: Dodged            |    60 |     2 ||    62
Block: Shield            |   107 |    10 ||   117
